 Dungeon Crawl Stone Soup version 0.17-a0-1637-g5d65775 (webtiles) character file.

373 Funster the Charmwright (level 6, -8/44 HPs)
             Began as a Vampire Skald on Aug 7, 2015.
             Was a Believer of Dithmenos.
             Mangled by Grinder (9 damage)
             ... while paralysed by Grinder
             ... on level 5 of the Dungeon.
             The game lasted 00:30:05 (4209 turns).

Funster the Charmwright (Vampire Skald)             Turns: 4209, Time: 00:30:05

Health: -8/44      AC:  4    Str: 15    XL:     6   Next: 43%
Magic:  5/10       EV:  2    Int: 16    God:    Dithmenos [**....]
Gold:   214        SH:  0    Dex: 13    Spells: 3 memorised, 5 levels left

rFire  + . .     SeeInvis +     a - +0 falchion
rCold  . . .     Clarity  .     b - +1 leather armour
rNeg   + . .     SustAt   .     (no shield)
rPois  .         Gourm    .     (no helmet)
rElec  .         Spirit   .     (no cloak)
rCorr  .         Warding  .     (no gloves)
rMut   .         Stasis   .     (no boots)
MR     .....                    o - amulet of faith
Stlth  ++........               j - +3 ring of strength
                                p - ring of protection from fire

@: paralysed, singing (expiring), wreathed by umbra, not resistant to hostile
enchantments, unstealthy
A: fangs 3, see invisible, unbreathing
a: Bat Form, Shadow Step, Renounce Religion, Stop Singing


You were on level 5 of the Dungeon.
You worshipped Dithmenos.
Dithmenos was pleased with you.
You were not thirsty.

You visited 1 branch of the dungeon, and saw 5 of its levels.

You collected 214 gold pieces.

Inventory:

Hand weapons
 a - a +0 falchion (weapon)
Missiles
 k - 163 stones (quivered)
Armour
 b - a +1 leather armour (worn)
 d - a +2 buckler of reflection
 s - a +0 ring mail
 u - a +2 chain mail of poison resistance
Jewellery
 j - a +3 ring of strength (right hand)
 o - an amulet of faith (around neck)
 p - a ring of protection from fire (left hand)
Scrolls
 g - 2 scrolls of enchant armour
 h - 6 scrolls of remove curse
 i - a scroll of identify
 l - 2 scrolls of teleportation
 n - a scroll of blinking {unknown}
 q - a scroll of fog {unknown}
 r - a scroll of noise {unknown}
 v - a scroll of immolation {unknown}
 w - a scroll of enchant weapon {unknown}
 y - a scroll of random uselessness {unknown}
Potions
 e - a potion of might {unknown}
 f - 4 potions of heal wounds
 m - 2 potions of agility
 t - 4 potions of curing
 x - a potion of brilliance {unknown}
 z - a potion of poison {unknown}
 A - a potion of ambrosia {unknown}
Books
 c - a book of Battle

   Spells                             Type                      Level
   a - Infusion                       Charms                       1
   b - Shroud of Golubria             Charms/Translocation         2
   c - Song of Slaying                Charms                       2
   d - Spectral Weapon                Hexes/Charms                 3
   e - Regeneration                   Charms/Necromancy            3


   Skills:
 - Level 1.7 Fighting
 - Level 5.1 Long Blades
 - Level 1.0 Armour
 - Level 1.1 Dodging
 * Level 1.4 Stealth
 - Level 3.0 Spellcasting
 - Level 5.1 Charms


You had 5 spell levels left.
You knew the following spells:

 Your Spells              Type           Power        Failure   Level  Hunger
a - Infusion              Chrm           ###...       3%          1    #......
b - Song of Slaying       Chrm           ###.....     6%          2    ##.....
c - Regeneration          Chrm/Necr      ##........   28%         3    ###....


Dungeon Overview and Level Annotations

Branches:
Dungeon (5/15)
 Temple: D:4-7

Altars:
Dithmenos
Fedhas
Trog
Xom
Yredelemnul

Annotations:
D:4 Vlagh999's ghost, average DECj
D:5 Grinder


Innate Abilities, Weirdness & Mutations

You have razor-sharp teeth.
You have supernaturally acute eyesight.
You can survive without breathing.


Message History

You hit the hound.
The hound is moderately wounded.
The hound barely misses you. The hound bites you.
You hit the hound but do no damage. You bite the hound.
The hound is heavily wounded.
The hound bites you but does no damage. Grinder gestures at you.
You suddenly lose the ability to move!
Your skin stops crawling.
The hound bites you. x2
The hound bites you. Grinder hits you!
* * * LOW HITPOINT WARNING * * *
The hound bites you but does no damage. Grinder hits you!
* * * LOW HITPOINT WARNING * * *
The hound bites you.
* * * LOW HITPOINT WARNING * * *
Your magical contamination has completely faded away.
Your song is almost over.
The hound barely misses you. Grinder hits you!
You die...

... ..# #.# ..# #.# #.#
#.#### #.#
###.....###.#####..
....# #.##Z....... #..#
#.5#hZ...%..
#.#####..###.#@##..###.
#............####..#
...####.<..........#
#..###........ .....#
#.####.## ###.#.# #.#
.. #.#.# #.# #.#.. ...
#.#.# #.#


You could see Grinder, a hound, a worker ant zombie and a quokka skeleton.

Vanquished Creatures
  2 scorpions (D:4)
  A giant frog skeleton (D:4)
  An orc wizard (D:4)
  An orc priest (D:4)
  A hound (D:4)
  6 adders
  A shadow imp (D:4)
  2 worms (D:3)
  3 giant geckos
  13 orcs (D:4)
  2 ball pythons (D:3)
  6 giant cockroaches
  2 hobgoblins
  9 jackals
  7 kobolds
  8 bats
  9 giant newts
  13 goblins
  A goblin zombie (D:4)
  A quokka skeleton (D:4)
  7 rats
96 creatures vanquished.

Notes
Turn   | Place    | Note
--------------------------------------------------------------
     0 | D:1      | Funster the Vampire Skald began the quest for the Orb.
     0 | D:1      | Reached XP level 1. HP: 16/16 MP: 3/3
   256 | D:1      | Reached XP level 2. HP: 22/22 MP: 5/5
   262 | D:1      | Learned a level 2 spell: Song of Slaying
  1014 | D:2      | Reached XP level 3. HP: 23/27 MP: 4/6
  1102 | D:2      | Learned a level 3 spell: Regeneration
  1125 | D:2      | Found a shadowy altar of Dithmenos.
  1126 | D:2      | Found a blossoming altar of Fedhas.
  1126 | D:2      | Found a bloodstained altar of Trog.
  1132 | D:2      | Became a worshipper of Dithmenos the Shadowed
  1146 | D:2      | Found a shimmering altar of Xom.
  1748 | D:3      | Reached skill level 4 in Charms
  1768 | D:3      | Reached XP level 4. HP: 28/33 MP: 0/7
  2883 | D:4      | Reached XP level 5. HP: 23/38 MP: 4/9
  2906 | D:4      | Acquired Dithmenos's first power
  2932 | D:4      | Noticed a phantom
  3239 | D:4      | Found a basalt altar of Yredelemnul.
  3312 | D:4      | Reached skill level 5 in Charms
  3406 | D:4      | Reached XP level 6. HP: 20/44 MP: 5/10
  3660 | D:4      | Reached skill level 5 in Long Blades
  3818 | D:4      | Reached skill level 1 in Armour
  3898 | D:4      | Reached skill level 1 in Stealth
  4119 | D:4      | Noticed Vlagh999's ghost (average DECj)
  4170 | D:5      | Entered Level 5 of the Dungeon
  4198 | D:5      | Noticed Grinder
  4205 | D:5      | Paralysed by Grinder for 5 turns
  4208 | D:5      | HP: 2/44 [Grinder (8)]
  4209 | D:5      | Mangled by Grinder

Vault maps used:
D:1:      denvon_arrival_planthouse, st_stairs_9
D:2:      wad_crossroads, nicolae_overflow_quartered_altars
D:3:      kennysheep_nondescript, grunt_ministairs_7
D:4:      kennysheep_mini, nicolae_ossuary_entry_giza
D:5:      temple_fountains, first_bread, serial_bayou_pond_d, uniq_grinder

Action                   |  1- 3 |  4- 6 || total
-------------------------+-------+-------++-------
Melee: Falchion          |   124 |   220 ||   344
 Cast: Infusion          |     9 |    16 ||    25
       Song of Slaying   |     4 |     5 ||     9
       Regeneration      |       |     4 ||     4
  Use: Scroll            |     3 |     4 ||     7
       Potion            |       |     1 ||     1
 Stab: Sleeping          |       |     1 ||     1
  Eat: Corpse            |     5 |     8 ||    13
